 Dungeon Crawl Stone Soup version 0.17-a0-968-gf8e1f1d (webtiles) character file.

14 Gorice the Digger (level 2, 0/16 HPs)
             Began as a Deep Elf Wanderer on May 9, 2015.
             Slain by a jackal (1 damage)
             ... on level 1 of the Dungeon.
             The game lasted 00:03:30 (312 turns).

Gorice the Digger (Deep Elf Wanderer)                Turns: 312, Time: 00:03:30

Health: 0/16       AC:  2    Str:  9    XL:     2   Next: 27%
Magic:  1/7        EV: 12    Int: 15    God:
Gold:   15         SH:  0    Dex: 15    Spells: 2 memorised, 3 levels left

rFire  . . .     SeeInvis .     a - +0 spear
rCold  . . .     Clarity  .     d - +0 robe
rNeg   . . .     SustAb   .     (no shield)
rPois  .         Gourm    .     (no helmet)
rElec  .         Spirit   .     (no cloak)
rCorr  .         Warding  .     (no gloves)
rMut   .         Stasis   .     (no boots)
MR     .....                    (no amulet)
Stlth  +.........               (no ring)
                                (no ring)

@: very slightly contaminated, not resistant to hostile enchantments, very
unstealthy
A: no striking features
a: no special abilities


You were on level 1 of the Dungeon.
You were not hungry.

You visited 1 branch of the dungeon, and saw 1 of its levels.

You collected 15 gold pieces.

Inventory:

Hand weapons
 a - a +0 spear (weapon)
 c - a +0 short sword
Missiles
 Z - 40 stones (quivered)
Armour
 d - a +0 robe (worn)
Scrolls
 h - 2 scrolls of identify {unknown}
 i - a scroll of magic mapping {unknown}
 j - a scroll of remove curse {unknown}
 k - a scroll of enchant weapon {unknown}
Books
 b - Lehudib's Grimoire of Earth

   Spells                             Type                      Level
   a - Sandblast                      Earth                        1
   b - Stone Arrow                    Conjuration/Earth            3
 g - a book of Frost
Comestibles
 e - a bread ration {!e}
 f - 10 chunks of flesh


   Skills:
 - Level 1.5 Fighting
 - Level 1.1 Throwing
 - Level 1.2 Dodging
 + Level 2.0 Spellcasting
 * Level 2.0 Ice Magic
 * Level 3.5 Earth Magic
   Level 1.1 Evocations


You had 3 spell levels left.
You knew the following spells:

 Your Spells              Type           Power        Failure   Level  Hunger
a - Sandblast             Erth           ##....       6%          1    #......
b - Freeze                Ice            #...         12%         1    #......


Dungeon Overview and Level Annotations

Branches:
Dungeon (1/15)

Altars:


Message History

Press: ? - help, Shift-Dir - straight line, f/p - jackal
Aim: a jackal (severely wounded)
The rocky blast hits the jackal.
You kill the jackal!
Your Ice Magic skill increases to level 2!
The jackal bites you but does no damage.
Casting: Sandblast
Confirm with . or Enter, or press ? or * to list all spells.
Aiming: Sandblast
Press: ? - help, Shift-Dir - straight line, f - jackal
Aim: a jackal The rocky blast hits the jackal.
The jackal is lightly wounded.
The jackal bites you but does no damage.
Casting: Sandblast
Confirm with . or Enter, or press ? or * to list all spells.
You don't have enough magic to cast that spell.
Unknown command.
Wield which item (- for none, * to show all)? (? for menu, Esc to quit)
a - a +0 spear (weapon)
The jackal completely misses you.
You closely miss the jackal.
The jackal is lightly wounded.
The jackal closely misses you.
You hit the jackal.
The jackal is almost dead.
The jackal closely misses you. The jackal barely misses you.
You hit the jackal.
The jackal is almost dead.
The jackal barely misses you.
You miss the jackal.
The jackal is almost dead.
The jackal closely misses you. The jackal bites you.
* * * LOW HITPOINT WARNING * * *
Damage: 1 (max 2) Unknown command.
You hit the jackal.
You kill the jackal!
Your Spellcasting skill increases to level 2!
You closely miss the jackal. The jackal bites you.
* * * LOW HITPOINT WARNING * * *
The jackal closely misses you.
Damage: 1 (max 2) Unknown command.
You hit the jackal.
The jackal is heavily wounded.
The jackal bites you.
* * * LOW HITPOINT WARNING * * *
The jackal bites you.
You die...

+..... .. ##.#.. #.. ...
#.#.. #..... #.#.# #[#%.
#.#.. #.#.+######.#.#
#.#.........##.
.#########....# #..###
......h@....#.## #.....
##########.....####.####
#.......#.......
#......##.#.####
#...#.###.#.#
#.........#.#
#...........#
##..(...........
###############


You could see a jackal.

Vanquished Creatures
  A giant gecko (D:1)
  A ball python (D:1)
  A giant cockroach (D:1)
  3 jackals (D:1)
  2 bats (D:1)
  4 goblins (D:1)
12 creatures vanquished.

Notes
Turn   | Place    | Note
--------------------------------------------------------------
     0 | D:1      | Gorice, the Deep Elf Wanderer, began the quest for the Orb.
     0 | D:1      | Gorice set off with: a book of Frost, Lehudib's Grimoire of Earth, a +0 spear, a +0 robe, a bread ration {!e}
     0 | D:1      | Reached XP level 1. HP: 12/12 MP: 5/5
     0 | D:1      | Identified Lehudib's Grimoire of Earth
     2 | D:1      | Learned a level 1 spell: Sandblast
     4 | D:1      | Learned a level 1 spell: Freeze
   239 | D:1      | Reached XP level 2. HP: 10/16 MP: 3/6
   302 | D:1      | HP: 4/16 [jackal (2)]
   303 | D:1      | Reached skill level 2 in Ice Magic
   309 | D:1      | HP: 3/16 [jackal (1)]
   310 | D:1      | Reached skill level 2 in Spellcasting
   312 | D:1      | HP: 1/16 [jackal (1)]
   312 | D:1      | Slain by a jackal

Action                   || total
-------------------------++-------
Melee: Spear             ||    18
 Cast: Freeze            ||     5
       Sandblast         ||     9
 Stab: Sleeping          ||     1

Table legend:
 A = Turns spent in this place as a percentage of turns spent in the entire game.
 B = Non-inter-level travel turns spent in this place as a percentage of non-inter-level travel turns spent in the entire game.
 C = Inter-level travel turns spent in this place as a percentage of turns spent in this place.
 D = Turns resting spent in this place as a percentage of non-inter-level travel turns spent in this place.
 E = Turns spent auto-exploring this place as a percentage of non-inter-level travel turns spent in this place.
 F = Non-inter-level travel turns spent in this place divided by the number of levels of this place that you've seen.
                   A       B       C       D       E      F
               +-------+-------+-------+-------+-------+----------------------
         Total | 100.0 | 100.0 |   0.0 |   0.0 |   9.4 | 128.0
       Dungeon | 100.0 | 100.0 |   0.0 |   0.0 |   9.4 | 128.0
               +-------+-------+-------+-------+-------+----------------------

Vault maps used:
D:1:      minmay_arrival_arboretum_small, hangedman_abyss_or_decor_lesser_grid
